AoeStats
← CaptainThomas

Golden Pit

503188581Analyzed
1v1 RM · 1mo ago on Aug 30, 2026· 35m 49s· 2 players
Game mode
Random Map
Map size
Tiny (2 player)
Population
200
Speed
Normal
Resources
Standard
Victory
Conquest
Starting age
Dark Age
Ending age
Imperial Age
RankedLock teamsTeams togetherTeam positionsShared explorationLock speedFull tech treeHidden civsTurbo modeCheats
Victory
Defeat
🇫🇷 Cumans · France
1651
+15
🇬🇧 Italians · United Kingdom
1638
-15
GANZ
6:21 Loom
8:54 Feudal Age
8:57 Man-at-Arms
11:31 Double-Bit Axe
16:53 Fletching
18:12 Arson
22:45 Castle Age
21:27 Scale Mail Armor
22:46 Padded Archer Armor
23:26 Bodkin Arrow
23:11 Crossbowman
30:16 Town Watch
31:09 Wheelbarrow
CaptainThomas
8:16 Loom
10:25 Feudal Age
18:05 Fletching
19:49 Padded Archer Armor
20:20 Horse Collar
24:36 Castle Age
22:51 Padded Archer Armor
24:34 Wheelbarrow
25:19 Double-Bit Axe
25:37 Heavy Plow
29:37 Hand Cart
30:01 Hand Cart
35:40 Imperial Age
34:11 Scale Barding Armor
34:25 Bloodlines
34:27 Forging
35:23 Chain Barding Armor
Connection lost

Rejoining the realm…

Still unreachable

The connection could not be restored.

Session expired

The server has moved on; the page needs a fresh start.